 Dungeon Crawl Stone Soup version 0.17-a0-2064-g265a032 (webtiles) character file.

81 tp1 the Conjurer (level 4, 0/24 HPs)
             Began as a Deep Elf Conjurer on Oct 12, 2015.
             Slain by an orc
             ... wielding a +0 whip
              (4 damage)
             ... on level 2 of the Dungeon.
             The game lasted 00:08:56 (2223 turns).

tp1 the Conjurer (Deep Elf Conjurer)                Turns: 2223, Time: 00:08:56

Health: 0/24       AC:  3    Str:  5    XL:     4   Next: 19%
Magic:  1/13       EV: 12    Int: 21    God:
Gold:   55         SH:  0    Dex: 15    Spells: 1 memorised, 12 levels left

rFire  . . .     SeeInvis .     (no weapon)
rCold  . . .     Clarity  .     n - +0 leather armour
rNeg   . . .     SustAt   .     (no shield)
rPois  .         Gourm    .     (no helmet)
rElec  .         Spirit   .     (no cloak)
rCorr  .         Warding  .     (no gloves)
rMut   .         Stasis   .     (no boots)
MR     .....                    (no amulet)
Stlth  ++........               (no ring)
                                (no ring)

@: not resistant to hostile enchantments, unstealthy
A: no striking features
a: no special abilities


You were on level 2 of the Dungeon.
You were not hungry.

You visited 1 branch of the dungeon, and saw 3 of its levels.

You collected 55 gold pieces.

Inventory:

Armour
 a - a +0 robe
 n - a +0 leather armour (worn)
Scrolls
 d - 2 scrolls of identify {unknown}
 e - 3 scrolls of remove curse {unknown}
 l - a scroll of amnesia {unknown}
 o - a scroll of magic mapping {unknown}
 p - a scroll of teleportation {unknown}
 r - a scroll of enchant weapon {unknown}
 s - a scroll of noise {unknown}
Potions
 f - a potion of agility {unknown}
 g - 2 potions of might {unknown}
 i - a potion of heal wounds {unknown}
 j - a potion of resistance {unknown}
 m - a potion of flight {unknown}
 q - a potion of invisibility {unknown}
Books
 b - a book of Conjurations

   Spells                             Type                      Level
   a - Magic Dart                     Conjuration                  1
   b - Searing Ray                    Conjuration                  2
   c - Dazzling Spray                 Conjuration/Hexes            3
   d - Fulminant Prism                Conjuration/Hexes            4
   e - Iskenderun's Mystic Blast      Conjuration                  4
   f - Iskenderun's Battlesphere      Conjuration/Charms           5
Comestibles
 c - 2 bread rations
 h - 2 meat rations
 k - 2 chunks of flesh


   Skills:
 - Level 2.4 Dodging
 - Level 2.4 Stealth
 - Level 5.1 Spellcasting
 + Level 5.2 Conjurations


You had 12 spell levels left.
You knew the following spells:

 Your Spells              Type           Power        Failure   Level  Hunger
a - Magic Dart            Conj           ####         2%          1    None


Dungeon Overview and Level Annotations

Branches:
Dungeon (3/15)

Altars:
Makhleb


Message History

The orc is almost dead.
Casting: Magic Dart
Confirm with . or Enter, or press ? or * to list all spells.
Aiming: Magic Dart
Press: ? - help, Shift-Dir - straight line, f/p - orc
Aim: an orc, wielding a whip and wearing a chain mail (almost dead)
The magic dart hits the orc.
The orc is almost dead.
The orc hits you with a whip.
* * * LOW HITPOINT WARNING * * *
There is a stone staircase leading down here.
Casting: Magic Dart
Confirm with . or Enter, or press ? or * to list all spells.
Aiming: Magic Dart
Press: ? - help, Shift-Dir - straight line, f/p - orc
Aim: an orc, wielding a whip and wearing a chain mail (almost dead)
The magic dart hits the orc.
The orc is almost dead.
The orc hits you with a whip.
You die...

.# #.#.####..#.....##.....# .#
#............##.#...##.#####
.#######.####..##.##...#.##......
...(..............####...##.#####
......##.####..#### ##o....#
#####.##.# #..# #.#.### #.##.#
#.># #.#.# #.##.# #..########.#.#
#.##.# #..o@.......#.# #.##.#
#.#####.#####.# #.##.# #.#
##.#.####.# #....# #.#
#.#.......# ######
#.####.<.###### #......#.#
######...# #####


You could see an orc.

Vanquished Creatures
  A hound (D:2)
  An ooze (D:1)
  5 giant geckos
  An orc (D:3)
  A ball python (D:1)
  9 goblins
  7 hobgoblins
  2 jackals (D:2)
  4 kobolds
  5 bats
  2 giant cockroaches
  3 giant newts
  6 rats
47 creatures vanquished.

Notes
Turn   | Place    | Note
--------------------------------------------------------------
     0 | D:1      | tp1 the Deep Elf Conjurer began the quest for the Orb.
     0 | D:1      | Reached XP level 1. HP: 10/10 MP: 6/6
   189 | D:1      | Reached XP level 2. HP: 15/15 MP: 2/8
   556 | D:1      | Reached XP level 3. HP: 19/19 MP: 6/11
   882 | D:1      | Reached skill level 5 in Spellcasting
  1096 | D:2      | Found a burning altar of Makhleb.
  1104 | D:2      | Reached skill level 5 in Conjurations
  1104 | D:2      | Reached XP level 4. HP: 24/24 MP: 4/13
  1691 | D:2      | Found a burning altar of Makhleb.
  2223 | D:2      | Slain by an orc

Vault maps used:
D:1:      lemuel_arrival_funnel
D:2:      makhleb_heckhound_becter, first_bread
D:3:      grunt_temple_overflow_open, uniq_robin

Action                   |  1- 3 |  4- 6 || total
-------------------------+-------+-------++-------
 Cast: Magic Dart        |    76 |    34 ||   110
  Eat: Chunk             |       |     4 ||     4
